 Dungeon Crawl Stone Soup version 0.30-a0-210-g01b79a254e (webtiles) character file.

Game seed: 18432099397001002516

14336 KennySheep the Carver (level 12, 0/97 HPs)
             Began as a Barachi Gladiator on Oct 4, 2022.
             Was an Elder of Qazlal.
             Slain by a boulder beetle (20 damage)
             ... on level 12 of the Dungeon.
             The game lasted 00:44:01 (13963 turns).

KennySheep the Carver (Barachi Gladiator)          Turns: 13963, Time: 00:44:02

Health: 0/97       AC: 14    Str: 22    XL:     12   Next: 15%
Magic:  18/18      EV: 11    Int:  8    God:    Qazlal [****..]
Gold:   713        SH: 13    Dex: 19    Spells: 11/11 levels left

rFire   + . .      SeeInvis +    a - +0 long sword
rCold   . . .      Faith    .    O - +0 kite shield
rNeg    . . .      Spirit   .    x - +0 chain mail
rPois   .          Reflect  .    N - +2 hat
rElec   .          Harm     .    h - +0 cloak
rCorr   .          Rampage  .    (no gloves)
Will    .....                    (no boots)
Stlth   ..........               l - amulet of the acrobat
HPRegen 0.36/turn                G - ring "Buacabri" {Fly rF+ Str+6 SInv}
MPRegen 0.16/turn                (no ring)

@: flying, repel missiles, slow
A: amphibious, slowness 1, strong legs 1, +LOS
a: Hop, Renounce Religion, Upheaval, Elemental Force


You were on level 12 of the Dungeon.
You worshipped Qazlal.
Qazlal was greatly pleased with you.
You visited 2 branches of the dungeon, and saw 14 of its levels.
You also visited: Ossuary.

You collected 925 gold pieces.
You spent 212 gold pieces at shops.

Inventory:

Hand Weapons
 a - a +0 long sword (weapon)
Missiles
 e - a javelin
 n - 3 silver javelins
 P - a throwing net (quivered)
Armour
 b - a +0 leather armour
 c - a +0 helmet
 h - a +0 cloak (worn)
 x - a +0 chain mail (worn)
 J - an orb of light
 N - a +2 hat (worn)
 O - a +0 kite shield (worn)
Jewellery
 l - an amulet of the acrobat (around neck)
 p - a ring of flight
 r - a ring of positive energy
 D - an amulet of guardian spirit
 G - the ring "Buacabri" (left hand) {Fly rF+ Str+6 SInv}
   (You found it in an ossuary)

   [ring of strength]

   Str:       It affects your strength (+6).
   rF:        It protects you from fire.
   SInv:      It lets you see invisible.
   Fly:       It grants you flight.
Wands
 d - a wand of quicksilver (5)
 o - a wand of flame (9)
 u - a wand of polymorph (14)
 B - a wand of iceblast (15)
 M - a wand of charming (3)
Scrolls
 f - 8 scrolls of blinking
 g - 3 scrolls of enchant armour
 i - 2 scrolls of noise
 k - 3 scrolls of immolation
 m - 3 scrolls of teleportation
 q - 2 scrolls of poison
 t - 2 scrolls of identify
 v - 3 scrolls of enchant weapon
 w - 2 scrolls of fog
 y - 4 scrolls of vulnerability
 A - a scroll of fear
 I - a scroll of torment
 L - 2 scrolls of magic mapping
Potions
 j - a potion of curing
 s - 4 potions of brilliance
 z - 2 potions of ambrosia {unknown}
 C - a potion of lignification {unknown}
 E - 2 potions of heal wounds
 F - 2 potions of degeneration {unknown}
 H - 2 potions of haste {unknown}
 K - a potion of mutation


   Skills:
 + Level 9.9 Fighting
 * Level 13.7 Long Blades
 - Level 2.2 Throwing
 + Level 7.6 Armour
 + Level 9.3 Dodging
 + Level 0.6 Shields
 * Level 8.3 Invocations


You had 11 spell levels left.
You didn't know any spells.
Your spell library contained the following spells:

 Spells                   Type           Power      Damage    Failure   Level
 Foxfire                  Conj/Fire      0%         2x1d4     100%        1
 Ignite Poison            Fire/Tmut/Pois 0%         N/A       100%        3
 Inner Flame              Hex/Fire       0%         N/A       100%        3
 Ozocubu's Armour         Ice            0%         N/A       100%        3
 Flame Wave               Conj/Fire      0%         2d4       100%        4
 Petrify                  Tmut/Erth      0%         N/A       100%        4
 Sticky Flame             Conj/Fire      0%         2d3       100%        4
 Fireball                 Conj/Fire      0%         3d3       100%        5
 Metabolic Englaciation   Hex/Ice        0%         N/A       100%        5
 Simulacrum               Ice/Necr       0%         N/A       100%        6
 Starburst                Conj/Fire      0%         6d3       100%        6
 Statue Form              Tmut/Erth      0%         N/A       100%        6
 Ignition                 Fire           0%         3d3       100%        8


Dungeon Overview and Level Annotations

Branches:
Dungeon (12/15)            Temple (0/1) D:4             Orc (2/2) D:10
Ossuary (visited)
   Lair: D:8-11         Elf: Orc:2

Altars:
Ashenzari
Hepliaklqana
Kikubaaqudgha
Qazlal
Sif Muna
Xom
Zin

Shops:
D:3 ?   D:6 *   D:9 !

Annotations:
D:6 Dowan, Duvessa
D:8 Psyche
D:9 1 runed translucent door, freelancePsychic's ghost, novice DrCK
D:11 3 runed translucent doors, Gipleted's ghost, journeyman HOFi
Orc:2 Azrael


Innate Abilities, Weirdness & Mutations

You are amphibious.
You cover ground slowly.
You can hop short distances.
You have an extended range of vision and can be seen from far away.


Message History

The boulder beetle is lightly wounded.
You block the boulder beetle's attack.
You hit the boulder beetle.
The boulder beetle is lightly wounded.
The boulder beetle closely misses you.
You hit the boulder beetle but do no damage.
The boulder beetle is lightly wounded.
The boulder beetle completely misses you.
You slash the boulder beetle!
The boulder beetle is moderately wounded.
You block the vampire's attack. x2; The boulder beetle bites you!
You slash the vampire!
The vampire is heavily damaged.
You block the vampire's attack. The vampire bites you.
The vampire draws strength from your injuries!
The boulder beetle bites you!
* * * LOW HITPOINT WARNING * * *
You slash the vampire!
The vampire is almost destroyed.
The vampire draws life force from you!
* * * LOW HITPOINT WARNING * * *
The vampire is healed by the life force!
You block the boulder beetle's attack.
You hit the vampire but do no damage.
The vampire is severely damaged.
The vampire barely misses you. The vampire closely misses you.
The boulder beetle closely misses you.
You slash the vampire!
You destroy the vampire!
Qazlal accepts your kill.
The boulder beetle bites you but does no damage.
You slash the boulder beetle!
The boulder beetle is heavily wounded.
You hit the boulder beetle but do no damage.
The boulder beetle is heavily wounded.
The boulder beetle bites you but does no damage.
You hit the boulder beetle.
The boulder beetle is heavily wounded.
The boulder beetle bites you!!
You die...

..............................##
......#...........†.<..........#
##...##....................#.###
#.....................#...##.#
#..................>..##..##.#
.......................#.....#
..............................
).............§§..............
.).P...#......○B@§....#........
♣)~[P###......<##.☼...##.......
~~~~!.........###............
~~~.~........## ###..........
P~≈~~........# .....#
~≈≈~~P.......# ..(.##
~≈~.~..>...### .....
~≈~~~......# ##..
~~♣~~P.....○...# ..


You could see a boulder beetle.

Vanquished Creatures
  Gastronok (D:9)
  A boulder beetle (D:12)
  3 two-headed ogres
  2 ugly things
  A cyclops (D:11)
  Maurice (D:9)
  An unseen horror (D:12)
  A komodo dragon (D:12)
  2 trolls
  Grinder (D:3)
  Sigmund (D:2)
  13 yaks
  3 wraiths
  A vampire (D:12)
  A steam dragon (D:6)
  4 vampire mosquitoes (D:12)
  Menkaure (D:6)
  An acid dragon (D:11)
  2 water moccasins
  4 orc warriors
  2 ice beasts (D:5)
  A black bear (D:7)
  A hornet zombie (Ossuary)
  2 ogres
  8 centaurs
  2 phantoms (D:5)
  2 elf zombies (D:7)
  2 bullfrogs
  2 kobold brigands
  Blork the orc (D:4)
  2 necrophages
  2 wyvern zombies (Ossuary)
  2 gnoll sergeants
  2 water moccasin zombies (Ossuary)
  5 killer bees (D:11)
  2 electric eels
  A howler monkey (D:7)
  2 jellies (D:7)
  6 bullfrog zombies (Ossuary)
  A centaur zombie (Ossuary)
  2 gnoll boudas
  5 orc priests
  2 hounds
  5 human skeletons (D:7)
  2 iguanas (D:5)
  13 mummies (Ossuary)
  Ijyb (D:3)
  10 orc wizards
  A killer bee zombie (Ossuary)
  A howler monkey zombie (Ossuary)
  Robin (D:2)
  28 gnolls
  7 adders
  3 shadow imps (D:7)
  2 white imps (D:7)
  A worm (D:3)
  A dart slug (D:2)
  35 orcs
  10 ball pythons
  4 bats
  8 endoplasms
  A giant cockroach (D:3)
  18 goblins
  10 hobgoblins
  8 jackals (D:1)
  19 kobolds
  A quokka (D:3)
  2 frilled lizards
  3 orc skeletons (D:7)
  An orc zombie (D:7)
  4 rats
  A bush (D:1)
303 creatures vanquished.

Vanquished Creatures (others)
  5 demonic plants (D:6)
  A fungus (D:9)
  12 plants
  6 withered plants (Ossuary)
24 creatures vanquished.

Grand Total: 327 creatures vanquished

Notes
Turn   | Place    | Note
-------+----------+-------------------------------------------
     0 | D:1      | KennySheep the Barachi Gladiator began the quest for the
                  | Orb.
     0 | D:1      | Reached XP level 1. HP: 17/17 MP: 1/1
   137 | D:1      | Reached XP level 2. HP: 23/23 MP: 2/2
   201 | D:1      | Reached skill level 4 in Long Blades
   278 | D:1      | Reached XP level 3. HP: 28/28 MP: 3/3
  1090 | D:2      | Noticed Sigmund
  1124 | D:2      | Reached XP level 4. HP: 26/35 MP: 4/4
  1255 | D:2      | Noticed Robin
  1279 | D:2      | Reached skill level 5 in Long Blades
  1295 | D:2      | Killed Robin
  1534 | D:2      | Reached XP level 5. HP: 13/42 MP: 5/5
  1681 | D:2      | Killed Sigmund
  1682 | D:2      | Reached skill level 6 in Long Blades
  1682 | D:2      | Reached XP level 6. HP: 31/49 MP: 6/6
  1841 | D:2      | Found a stormy altar of Qazlal.
  2058 | D:2      | Became a worshipper of Qazlal Stormbringer
  2188 | D:3      | Noticed Grinder
  2213 | D:3      | Paralysed by Grinder for 4 turns
  2217 | D:3      | Killed Grinder
  2218 | D:3      | Reached skill level 7 in Long Blades
  2218 | D:3      | Reached skill level 5 in Dodging
  2218 | D:3      | Reached skill level 1 in Invocations
  2218 | D:3      | Reached XP level 7. HP: 47/55 MP: 7/7
  2272 | D:3      | Noticed Ijyb
  2282 | D:3      | Killed Ijyb
  2913 | D:3      | Reached * piety under Qazlal
  2935 | D:3      | Found Fupeavu's Magic Scroll Emporium.
  2944 | D:3      | Bought a scroll of identify for 24 gold pieces
  2944 | D:3      | Bought a scroll of teleportation for 36 gold pieces
  2944 | D:3      | Bought a scroll of magic mapping for 90 gold pieces
  3096 | D:4      | Found a glowing silver altar of Zin.
  3152 | D:4      | Noticed Blork the orc
  3161 | D:4      | Killed Blork the orc
  3162 | D:4      | Reached skill level 5 in Fighting
  3259 | D:4      | Found a staircase to the Ecumenical Temple.
  3265 | D:4      | Found a broken altar of Ashenzari.
  3322 | D:5      | Entered Level 5 of the Dungeon
  3472 | D:5      | Found a shimmering blue altar of Sif Muna.
  3773 | D:5      | Reached XP level 8. HP: 28/63 MP: 9/9
  3790 | D:5      | Reached skill level 8 in Long Blades
  4660 | D:5      | Reached ** piety under Qazlal
  5045 | D:6      | Found Siust's CLEARANCE SALE!.
  5232 | D:6      | Bought a scroll of teleportation for 12 gold pieces
  5255 | D:6      | Reached skill level 9 in Long Blades
  5269 | D:6      | Noticed Menkaure
  5290 | D:6      | Reached skill level 1 in Armour
  5458 | D:6      | Killed Menkaure
  5459 | D:6      | Reached XP level 9. HP: 60/71 MP: 11/11
  5469 | D:6      | Noticed Duvessa
  5470 | D:6      | Noticed Dowan
  5772 | D:6      | Found a shimmering altar of Xom.
  5919 | D:7      | Found a sand-covered staircase.
  5933 | Ossuary  | Entered an ossuary
  5934 | Ossuary  | Upgraded the game from 0.30-a0-187-gd9c2deaf24 to
                  | 0.30-a0-210-g01b79a254e
  5960 | Ossuary  | Reached skill level 10 in Long Blades
  6283 | Ossuary  | Reached *** piety under Qazlal
  6338 | Ossuary  | Identified the ring "Buacabri" {Fly rF+ Str+6 SInv}
  6606 | D:7      | Found an ancient bone altar of Kikubaaqudgha.
  6904 | D:7      | Reached XP level 10. HP: 66/79 MP: 13/13
  6991 | D:7      | Reached skill level 11 in Long Blades
  7144 | D:8      | Noticed Psyche
  7144 | D:8      | Noticed a two-headed ogre
  7730 | D:9      | Noticed Maurice
  7741 | D:10     | Entered Level 10 of the Dungeon
  7772 | D:10     | HP: 4/80 [troll (12)]
  7772 | D:10     | HP: 1/80 [troll (3)]
  7775 | D:10     | Reached skill level 5 in Invocations
  7777 | D:10     | Noticed a two-headed ogre
  7783 | D:10     | Killed a two-headed ogre
  7784 | D:10     | Reached skill level 5 in Armour
  8693 | D:10     | Found a staircase to the Orcish Mines.
  8795 | D:10     | Reached skill level 12 in Long Blades
  9045 | D:10     | Found a hazy altar of Hepliaklqana.
  9161 | D:11     | Noticed a purple ugly thing
  9192 | Orc:1    | Entered Level 1 of the Orcish Mines
  9503 | Orc:2    | Entered Level 2 of the Orcish Mines
  9504 | Orc:2    | Noticed Azrael
  9708 | D:11     | Killed a purple ugly thing
  9709 | D:11     | Reached XP level 11. HP: 86/87 MP: 15/15
  9723 | D:11     | Noticed a six-headed hydra
 10032 | D:11     | Noticed a cyclops
 10045 | D:11     | Killed a cyclops
 10850 | D:11     | Found a runed translucent gate.
 10850 | D:11     | Found a runed translucent gate.
 10850 | D:11     | Found a runed translucent gate.
 11051 | D:12     | Noticed a red ugly thing
 11074 | D:12     | Killed a red ugly thing
 11227 | D:12     | Reached skill level 13 in Long Blades
 11638 | D:12     | Noticed a boulder beetle
 11978 | D:9      | Killed Maurice
 12180 | D:9      | Found a runed translucent door.
 12184 | D:9      | Noticed freelancePsychic's ghost (novice DrCK)
 12193 | D:9      | Identified the +1 spear "Fayf" {speed, rElec Str+2 Stlth+}
 12199 | D:9      | Noticed a two-headed ogre
 12205 | D:9      | Noticed Gastronok
 12210 | D:9      | Killed a two-headed ogre
 12226 | D:9      | HP: 1/89 [Gastronok/the air (26)]
 12231 | D:9      | Killed Gastronok
 12232 | D:9      | Reached XP level 12. HP: 3/97 MP: 16/18
 12593 | D:9      | Noticed a two-headed ogre
 12616 | D:9      | Killed a two-headed ogre
 12798 | D:9      | Reached **** piety under Qazlal
 12827 | D:9      | Found Xanwebb's Distillery.
 12832 | D:9      | Bought a potion of heal wounds for 50 gold pieces
 13578 | D:11     | Noticed Gipleted's ghost (journeyman HOFi)
 13578 | D:11     | Noticed a ten-headed hydra
 13578 | D:11     | Noticed a ten-headed hydra
 13778 | D:12     | Killed a boulder beetle
 13939 | D:12     | Noticed a boulder beetle
 13963 | D:12     | Slain by a boulder beetle

Illustrated notes

Levels and vault maps discovered:
D:1:      onia_arrival_mini_maze_b, layout_rooms, serial_forest,
          infiniplex_forest_end_3, infiniplex_forest_clump_long,
          infiniplex_forest_straight_2, infiniplex_forest_zigzag_1,
          infiniplex_forest_lined_room_3, infiniplex_forest_straight_2,
          infiniplex_forest_clump_medium, infiniplex_forest_diagonal,
          infiniplex_forest_straight_1, minmay_pentomino_w2
D:2:      layout_basic, basic_altar, minmay_goblin_outpost, uniq_robin,
          uniq_sigmund
D:3:      layout_loops_corners, serial_shops, nicolae_shop_waterfront,
          grunt_decor_resistance, hex_medium, moated_statue, uniq_grinder,
          uniq_ijyb
D:4:      nicolae_cairo_tiling_very_big, layout_loops_ring,
          nicolae_overflow_crystal_walls, mainiacjoe_overflow_24_doors,
          uniq_blork_the_orc
D:5:      layout_cave_pods, nicolae_sif_muna_little_library, minivault_23,
          hangedman_decor_riveting
D:6:      layout_rooms, mainiacjoe_overflow_small_starburst,
          serial_bayou_pond_b, dreamdust_princess_corridor,
          minmay_misc_feat_rugged, nicolae_shop_clearance, uniq_duvessa,
          uniq_menkaure
D:7:      layout_cave_pools, old_standard_altar, nicolae_ossuary_entry_catacombs
D:8:      layout_rooms, mainiacjoe_overflow_paths,
          grunt_lair_entry_orc_guard_hut, uniq_joseph, uniq_psyche,
          uniq_prince_ribbit1
D:9:      layout_layer_cave, serial_shops, nicolae_shop_hallway_plus,
          ebering_ghost_funeral_grove, uniq_maurice, uniq_gastronok
D:10:     layout_basic, kennysheep_little_box, minmay_orc_entry_temple_small
D:11:     layout_basic, gammafunk_ghost_hydra_chop
D:12:     layout_cave_pools, serial_bayou_pond_b
Orc:1:    layout_diamond_mine, mines_bat_river
Orc:2:    st_orc_ogre_mass, layout_diamond_mine, nooodl_orcs_dogs, uniq_azrael

Skill      XL: |  1  2  3  4  5  6  7  8  9 10 11 |
---------------+----------------------------------+-----
Long Blades    | 4 5 6 7 9 10 12 13 | 13.7
Fighting       | 3 4 5 6 7 8 9 |  9.9
Dodging        | 4 5 6 7 8 9 |  9.3
Invocations    | 1 2 3 4 6 8 |  8.3
Armour         | 1 4 6 7 |  7.6
Throwing       | |  2.2
Shields        | |  0.6

Action                   |  1- 3 |  4- 6 |  7- 9 | 10-12 || total
-------------------------+-------+-------+-------+-------++-------
Melee: Long sword        |   169 |   111 |   553 |   622 ||  1455
       Punch             |     1 |       |     8 |     9 ||    18
Throw: Throwing net      |       |     3 |       |     6 ||     9
       Dart              |       |       |       |     2 ||     2
Invok: Upheaval          |       |       |     2 |    13 ||    15
 Abil: Hop               |     1 |     1 |     2 |     8 ||    12
Evoke: Wand              |       |       |     5 |       ||     5
  Use: Scroll            |     3 |       |     8 |     3 ||    14
       Potion            |       |     2 |     2 |     3 ||     7
 Stab: Sleeping          |     1 |       |       |       ||     1
       Held in net/web   |       |     2 |       |     4 ||     6
Armor: Leather armour    |    34 |    44 |    36 |       ||   114
       Chain mail        |       |       |   126 |   204 ||   330
Dodge: Dodged            |    91 |   106 |   323 |   374 ||   894
Block: Other             |       |       |    49 |    93 ||   142
       Orb               |       |       |       |    15 ||    15
       Kite shield       |       |       |       |    18 ||    18

Table legend: (Time is in decaauts)
 A = Elapsed time spent in this place.
 B = Non-inter-level travel time spent in this place.
 C = Inter-level travel time spent in this place.
 D = Time resting spent in this place.
 E = Time spent auto-exploring this place.
 F = Levels seen in this place.
 G = Mean time per level.
                   A        B        C        D        E       F      G
               +--------+--------+--------+--------+--------+-----+--------+
         Total |  15265 |  14564 |    701 |   3463 |   8162 |  15 | 1017.7 |
       Dungeon |  14353 |  13660 |    693 |   3232 |   7783 |  12 | 1196.1 |
  Orcish Mines |    323 |    315 |      8 |    192 |     65 |   2 |  161.5 |
       Ossuary |    588 |    588 |      0 |     39 |    314 |   1 |  588.0 |
               +--------+--------+--------+--------+--------+-----+--------+

Top non-repeatable levels by time:
     D:9: 2383 daAuts
    D:10: 2216 daAuts
     D:5: 1882 daAuts
     D:2: 1407 daAuts
    D:11: 1313 daAuts
     D:3: 1234 daAuts
     D:1: 1161 daAuts
    D:12: 1039 daAuts
     D:7: 804 daAuts
     D:6: 637 daAuts
 Ossuary: 588 daAuts
   Orc:1: 318 daAuts
     D:4: 265 daAuts
     D:8: 6 daAuts
   Orc:2: 4 daAuts
